 Dungeon Crawl Stone Soup version 0.30.0-5-g1a98f26d00 (webtiles) character file.

Game seed: 780400514398124827

118 Edyrem the Sneak (level 4, -8/21 HPs)
             Began as a Spriggan Enchanter on May 9, 2023.
             Was an Initiate of Dithmenos.
             Killed by divine providence
             ... invoked by an orc priest
              (12 damage)
             ... on level 4 of the Dungeon.
             The game lasted 00:12:15 (3772 turns).

Edyrem the Sneak (Spriggan Enchanter)               Turns: 3772, Time: 00:12:16

Health: -8/21      AC:  2    Str:  4    XL:     4   Next: 72%
Magic:  9/11       EV: 18    Int: 16    God:    Dithmenos [......]
Gold:   152        SH:  0    Dex: 22    Spells: 0/11 levels left

rFire   . . .        s - +2 flail of Dissatisfaction {freeze, Dex+5}
rCold   . . .        (no shield)
rNeg    . . .        b - +0 robe
rPois   .            (helmet restricted)
rElec   .            (no cloak)
rCorr   .            (gloves unavailable)
SInv    +            (boots unavailable)
Will    .....        v - amulet of magic regeneration
Stlth   ++++         (no ring)
HPRegen 0.23/turn    (no ring)
MPRegen 0.52/turn

%: no passive effects
@: very quick
A: very small, no large weapons, unfitting armour, see invisible, speed 3
a: Renounce Religion


You were on level 4 of the Dungeon.
You worshipped Dithmenos.
Dithmenos was noncommittal.
You visited 2 branches of the dungeon, and saw 5 of its levels.

You collected 152 gold pieces.

Inventory:

Hand Weapons
 a - a +1 dagger
 s - the +2 flail of Dissatisfaction (weapon) {freeze, Dex+5}
   (You found it on level 3 of the Dungeon)

   Dex:       It affects your dexterity (+5).
Missiles
 f - 2 throwing nets
 n - 6 boomerangs
 x - 6 datura-tipped darts
Armour
 b - a +0 robe (worn)
Jewellery
 k - an amulet of the acrobat
 v - an amulet of magic regeneration (around neck)
Scrolls
 d - 2 scrolls of fear
 e - 3 scrolls of identify {unknown}
 g - 2 scrolls of noise {unknown}
 h - 2 scrolls of blinking {unknown}
 i - 3 scrolls of teleportation {unknown}
 l - 3 scrolls of enchant armour {unknown}
 p - 4 scrolls of vulnerability {unknown}
 t - 3 scrolls of silence {unknown}
 w - a scroll of fog {unknown}
Potions
 c - 2 potions of invisibility
 j - a potion of mutation {unknown}
 m - a potion of flight
 o - a potion of cancellation {unknown}
 q - 2 potions of curing {@q2}
 r - 2 potions of lignification {unknown}
 u - a potion of degeneration {unknown}


   Skills:
 - Level 1.1 Short Blades
 - Level 2.6 Dodging
 + Level 6.1 Stealth
 * Level 4.1 Spellcasting
 * Level 4.8 Hexes


You couldn't memorise any spells.
You knew the following spells:

 Your Spells              Type           Power      Damage    Failure   Level
a - Ensorcelled Hibernat  Hex/Ice        22%        N/A       10%         2
b - Confusing Touch       Hex            18%        N/A       7%          3
c - Tukima's Dance        Hex            18%        N/A       7%          3
d - Dazzling Flash        Conj/Hex       22%        N/A       19%         3

Your spell library contained the following spells:

 Spells                   Type           Power      Damage    Failure   Level
 Spider Form              Tmut/Pois      3%         N/A       45%         3
 Anguish                  Hex/Necr       5%         N/A       52%         4


Dungeon Overview and Level Annotations

Branches:
Dungeon (4/15)             Temple (1/1) D:4

Altars:
Ashenzari
Dithmenos
Elyvilon
Sif Muna
Vehumet
Yredelemnul
Zin


Innate Abilities, Weirdness & Mutations

You are very small and have problems with some larger weapons.
You are too small for most types of armour.
You have supernaturally acute eyesight. (SInv)
You cover ground extremely quickly. (Speed+++)


Message History

Okay, then.
You feel agile.
The +2 flail of Dissatisfaction {freeze, Dex+5} glows with a cold blue light!
s - the +2 flail of Dissatisfaction (weapon)
{freeze, Dex+5} The orc closely misses you.
The orc hits you with a +0 mace.
You hit the orc. You freeze the orc.
The orc is moderately wounded.
The orc misses you. The orc completely misses you. x2
You hit the orc. You freeze the orc.
The orc is severely wounded.
The orc misses you.
The orc barely misses you. x2; The orc closely misses you. x2
The orc priest hits you with a +0 mace.
You hit the orc.
You kill the orc!
Dithmenos accepts your kill. The orc priest hits you with a +0 mace.
The orc barely misses you. The orc misses you.
The ball python closely misses you. The ball python grabs you.
The ball python constricts you.
You hit the orc priest. You freeze the orc priest.
The orc priest is lightly wounded.
The orc priest misses you. The orc misses you. The ball python bites you.
The ball python constricts you.
You thump the ball python!
The ball python seems to slow down.
You freeze the ball python.
You kill the ball python!
Dithmenos accepts your kill. The orc closely misses you.
The orc priest hits you with a +0 mace!
* * * LOW HITPOINT WARNING * * *
The orc misses you. The orc completely misses you.
The orc priest miscasts a cantrip.
Casting: Ensorcelled Hibernation (safe; 10% risk of failure)
Confirm with . or Enter, or press ? or * to list all spells.
Aiming: Ensorcelled Hibernation (safe; 10% risk of failure)
Press: ? - help, Shift-Dir - straight line, f - orc priest
Aim: an orc priest, wielding a +0 mace and wearing a +0 leather armour (lightly wounded, chance to affect: 45%)
The orc priest resists with some effort.
The orc priest calls down the wrath of Beogh upon you.
Beogh smites you!
Ouch! That really hurt!
You die...

## ........... .#
##.......... .##
##.........#
..#####.........#
#...#......<....#
##...........o.##
#.............##
#............o.#########
##............o.@..##...###
#....#######..............#
...### #.....#######..#
...# ###'##### #..# ..##
#.....###### ##..# ...#
###.###.#...<###)..# ...###
#.'.#>'.'.........##
.....###.#.###.###########
###......#.....#


You could see an orc priest and 2 orcs.

Vanquished Creatures
  3 adders
  4 worms
  A dart slug (D:2)
  3 orcs
  10 endoplasms
  2 giant cockroaches
  2 goblins
  7 hobgoblins
  7 jackals
  4 quokkas
  10 ball pythons
  5 bats
  A frilled lizard (D:1)
  5 kobolds
  6 rats
70 creatures vanquished.

Notes
Turn   | Place    | Note
-------+----------+-------------------------------------------
     0 | D:1      | Edyrem the Spriggan Enchanter began the quest for the Orb.
     0 | D:1      | Reached XP level 1. HP: 9/9 MP: 5/5
   307 | D:1      | Reached XP level 2. HP: 11/13 MP: 7/7
   313 | D:1      | Learned a level 2 spell: Ensorcelled Hibernation
   667 | D:1      | Reached skill level 5 in Stealth
   715 | D:1      | Found a faded altar of an unknown god.
  1015 | D:1      | Reached XP level 3. HP: 16/16 MP: 3/8
  1858 | D:2      | Learned a level 3 spell: Confusing Touch
  1862 | D:2      | Learned a level 3 spell: Tukima's Dance
  2069 | D:2      | Reached XP level 4. HP: 21/21 MP: 3/10
  2849 | D:3      | Identified the +2 flail of Dissatisfaction {freeze, Dex+5}
  3015 | D:3      | Learned a level 3 spell: Dazzling Flash
  3067 | D:4      | Reached skill level 6 in Stealth
  3635 | D:4      | Found a staircase to the Ecumenical Temple.
  3646 | Temple   | Entered the Ecumenical Temple
  3676 | Temple   | Became a worshipper of Dithmenos the Shadowed
  3772 | D:4      | Killed from afar by an orc priest

Illustrated notes

Levels and vault maps discovered:
D:1:      tarquinn_simple_flora_water_e, layout_basic,
          hellmonk_ecumenical_altar_arch_garden, st_stairs_5,
          grunt_decor_arrowhead, minmay_pentomino_t4
D:2:      layout_rooms, roderic_roman_lattice
D:3:      layout_loops_ring, minmay_randomly_rotated_circles
D:4:      layout_layer_cave, minmay_temple_entry_glassed_door,
          kennysheep_generic_room_3
Temple:   minmay_crystal_snake_temple

Skill      XL: |  1  2  3  4 |
---------------+-------------+-----
Spellcasting   | 3 4 |  4.1
Hexes          | 4 |  4.8
Stealth        | 5 6 |  6.1
Short Blades   | |  1.1
Dodging        | |  2.6

Action                     |  1- 3 |  4- 6 || total
---------------------------+-------+-------++-------
  Melee: Dagger            |   115 |    70 ||   185
         Punch             |     1 |       ||     1
         Flail             |       |     5 ||     5
   Cast: Ensorcelled Hiber |    25 |    11 ||    36
    Use: Potion            |     4 |       ||     4
         Scroll            |       |     1 ||     1
   Stab: Sleeping          |    22 |    18 ||    40
 Armour: Robe              |    10 |     4 ||    14
  Dodge: Dodged            |   110 |    59 ||   169
